 Dungeon Crawl Stone Soup version 0.20.1-1-g8b1a95d (webtiles) character file.

2078 Lanoc the Skirmisher (level 8, -6/71 HPs)
             Began as a Demigod Wanderer on Dec 9, 2017.
             Mangled by an orc warrior
             ... wielding a +0 trident
              (18 damage)
             ... on level 6 of the Dungeon.
             The game lasted 00:22:06 (6262 turns).

Lanoc the Skirmisher (Demigod Wanderer)             Turns: 6262, Time: 00:22:07

Health: -6/71      AC: 11    Str: 17    XL:     8   Next: 78%
Magic:  12/12      EV: 10    Int: 16    God:
Gold:   344        SH:  6    Dex: 17    Spells: 9/9 levels left

rFire    x . .     SeeInvis .   i - +3 mace (drain)
rCold    + . .     Gourm    .   (no shield)
rNeg     . . .     Faith    .   s - +2 ring mail {MR+}
rPois    +         Spirit   .   (no helmet)
rElec    .         Reflect  +   (no cloak)
rCorr    .         Harm     .   (no gloves)
MR       +....                  m - +2 pair of boots
Stlth    +.........             v - +6 amulet of reflection
Regen    0.3/turn               u - ring of ice
MPRegen  0.2/turn               o - ring of poison resistance

@: no status effects
A: high mp 1
a: no special abilities


You were on level 6 of the Dungeon.
You were not hungry.

You visited 1 branch of the dungeon, and saw 6 of its levels.
You also visited: Ossuary.

You collected 344 gold pieces.

Inventory:

Hand Weapons
 i - a +3 mace of draining (weapon)
Missiles
 j - 3 tomahawks (quivered)
 l - a throwing net
Armour
 m - a +2 pair of boots (worn)
 s - a +2 ring mail of magic resistance (worn)
Jewellery
 o - a ring of poison resistance (right hand)
 u - a ring of ice (left hand)
 v - a +6 amulet of reflection (around neck)
Scrolls
 c - a scroll of fear
 d - a scroll of torment {unknown}
 h - 5 scrolls of identify
 k - 2 scrolls of remove curse
 p - a scroll of amnesia
 r - 4 scrolls of teleportation
Potions
 b - 2 potions of lignification
 e - a potion of haste
 g - 6 potions of brilliance
 n - a potion of agility
 w - a potion of curing
 x - 2 potions of flight
Books
 a - a book of Minor Magic

   Spells                             Type                      Level
   a - Magic Dart                     Conjuration                  1
   b - Blink                          Translocation                2
   c - Call Imp                       Summoning                    2
   d - Slow                           Hexes                        2
   e - Conjure Flame                  Conjuration/Fire             3
   f - Mephitic Cloud                 Conjuration/Poison/Air       3
Comestibles
 f - 5 bread rations


   Skills:
 + Level 6.3 Fighting
   Level 1.0 Long Blades
 + Level 6.2 Throwing
 + Level 6.1 Armour
 - Level 1.0 Stealth
   Level 1.0 Shields
 - Level 1.0 Spellcasting
   Level 1.7 Transmutations
   Level 1.7 Air Magic


You had 9 spell levels left.
You didn't know any spells.

Dungeon Overview and Level Annotations

Branches:
Dungeon (6/15)
 Temple: D:4-7


Innate Abilities, Weirdness & Mutations

You have an increased reservoir of magic. (+10% MP)


Message History

* * * LOW HITPOINT WARNING * * *
The orc wizard points at you and mumbles some strange words.
The magic dart hits you!
* * * LOW HITPOINT WARNING * * *
The orc warrior misses you.
You hit the orc wizard.
You kill the orc wizard!
The orc warrior hits you from afar with a trident!
* * * LOW HITPOINT WARNING * * *
You block the orc warrior's attack.
Things that are here:
a dagger; a robe You hit the orc warrior but do no damage.
You block the orc warrior's attack.
You closely miss the orc warrior. The orc warrior closely misses you.
You hit the orc warrior.
The orc warrior is lightly wounded.
The orc warrior barely misses you.
The orc warrior hits you with a trident!!
You die...

###### .....#
####.....#
###........#
..........#
########[##.....## #
#.........@o...... #
# #...........####
##.#.....#..)..###..#
....... ##.#### #..#
##.##. ##.#####.##
......#######....#.#
#..##..#...#.###.#.#
#..# #.....## #.#.###
.(... ##.[.## #.#...#


You could see an orc warrior.

Vanquished Creatures
  The ghost of Kingsmith the Nimble, a novice MfFi of the Shining One (D:6)
  A wraith (Ossuary)
  The ghost of RubyRose the Conjurer, an amateur DECj of Makhleb (D:3)
  A water moccasin (D:6)
  A sky beast (D:6)
  A phantom (D:5)
  An ogre (D:4)
  2 centaurs (D:5)
  A wyvern skeleton (D:6)
  A scorpion (D:5)
  2 howler monkeys
  A crimson imp (D:6)
  A bullfrog zombie (D:6)
  A jelly (D:5)
  A bullfrog skeleton (D:5)
  4 orc wizards
  An iguana (D:4)
  Natasha (thrice) (D:3)
  6 worker ants
  A killer bee zombie (D:5)
  A mummy (Ossuary)
  7 gnolls
  10 adders
  2 shadow imps (D:5)
  An ooze (D:1)
  4 dart slugs
  3 worms
  A leopard gecko (D:5)
  13 orcs
  3 ball pythons
  6 bats
  4 giant cockroaches
  10 goblins
  6 hobgoblins
  17 jackals
  7 kobolds
  3 quokkas
  5 frilled lizards
  11 gnoll skeletons (Ossuary)
  5 kobold skeletons (Ossuary)
  A leopard gecko skeleton (D:5)
  9 orc skeletons (Ossuary)
  8 rats
169 creatures vanquished.

Notes
Turn   | Place    | Note
-------+----------+-------------------------------------------
     0 | D:1      | Lanoc the Demigod Wanderer began the quest for the Orb.
     0 | D:1      | Lanoc set off with: a book of Minor Magic, a potion of lignification, a potion of curing, a +0 robe, a +0 dagger, a bread ration
     0 | D:1      | Reached XP level 1. HP: 16/16 MP: 4/4
     3 | D:1      | Noticed an electric eel
     4 | D:1      | Noticed an electric eel
   292 | D:1      | Reached XP level 2. HP: 8/23 MP: 5/5
   574 | D:1      | Reached skill level 1 in Armour
   949 | D:2      | Found a sparkling altar of Nemelex Xobeh.
  1035 | D:2      | Reached XP level 3. HP: 25/29 MP: 6/6
  1225 | D:2      | Found a shattered altar of Ashenzari.
  1226 | D:2      | Found an iron altar of Okawaru.
  1751 | D:3      | Noticed Natasha
  1752 | D:3      | Reached XP level 4. HP: 34/36 MP: 8/8
  1763 | D:3      | Killed Natasha
  1879 | D:3      | HP: 1/37 [gnoll/spear (3)]
  2154 | D:3      | Reached XP level 5. HP: 5/42 MP: 9/9
  2260 | D:3      | Noticed Natasha
  2365 | D:3      | Killed Natasha
  2546 | D:3      | Noticed RubyRose's ghost (amateur DECj)
  2559 | D:3      | Killed RubyRose's ghost
  2559 | D:3      | Reached XP level 6. HP: 44/51 MP: 10/10
  2669 | D:3      | Noticed Natasha
  2675 | D:3      | Killed Natasha
  3475 | D:4      | HP: 2/52 [ogre/giant club (17)]
  3853 | D:4      | Reached XP level 7. HP: 8/59 MP: 11/11
  4254 | D:5      | Entered Level 5 of the Dungeon
  4665 | D:5      | Reached skill level 5 in Fighting
  4699 | D:5      | Reached skill level 5 in Throwing
  5022 | D:6      | Noticed Kingsmith's ghost (novice MfFi)
  5038 | D:6      | Reached XP level 8. HP: 60/68 MP: 12/12
  5103 | D:6      | Killed Kingsmith's ghost
  5103 | D:6      | Reached skill level 5 in Armour
  5461 | D:6      | Found a sand-covered staircase.
  5468 | Ossuary  | Entered an ossuary
  5774 | Ossuary  | HP: 1/70 [wraith (8)]
  6262 | D:6      | Mangled by an orc warrior

Skill      XL: |  1  2  3  4  5  6  7  8 |
---------------+-------------------------+-----
Armour         | 1 2 3 4 6 |  6.1
Throwing       | 2 3 4 5 6 |  6.2
Fighting       | 2 3 4 5 6 |  6.3
Long Blades    | |  1.0
Stealth        | |  1.0
Shields        | |  1.0
Spellcasting   | |  1.0
Transmutations | |  1.7
Air Magic      | |  1.7

Action                   |  1- 3 |  4- 6 |  7- 9 || total
-------------------------+-------+-------+-------++-------
Melee: Dagger            |    43 |       |       ||    43
       Mace              |    78 |   179 |   318 ||   575
Throw: Tomahawk          |       |     4 |       ||     4
  Use: Potion            |       |     2 |     3 ||     5
       Scroll            |       |       |    12 ||    12
 Stab: Sleeping          |     2 |       |       ||     2
       Distracted        |       |     1 |       ||     1
  Eat: Chunk             |     3 |     6 |       ||     9
       Meat ration       |       |       |     1 ||     1
       Fruit             |       |       |     2 ||     2
       Bread ration      |       |       |     1 ||     1
Armor: Ring mail         |    53 |   110 |   187 ||   350
Dodge: Dodged            |    62 |   127 |   189 ||   378
Block: Other             |     7 |    45 |   106 ||   158
       Reflection        |     1 |       |     3 ||     4
